 Dungeon Crawl Stone Soup version 0.16-a0-141-g00d6247 (webtiles) character file.

89 kitkette the Sneak (level 4, -3/29 HPs)
             Began as an Octopode Assassin on Aug 17, 2014.
             Slain by an iguana (10 damage)
             ... on Level 3 of the Dungeon.
             The game lasted 00:04:31 (2414 turns).

kitkette the Sneak (Octopode Assassin)              Turns: 2414, Time: 00:04:31

HP  -3/29        AC  1     Str 15      XL: 4   Next: 55%
MP   4/4         EV 12     Int 18      God:
Gold 101         SH  0     Dex 14      Spells:  0 memorised,  3 levels left

rFire  . . .     SeeInvis .     z - +2 dagger (holy)
rCold  . . .     Clarity  .     (no shield)
rNeg   . . .     rCorr    .     (helmet restricted)
rPois  .         rRot     .     q - amulet of faith
rElec  .         Spirit   .     (no ring)
SustAb .         Warding  .     (no ring)
rMut   .         Stasis   .     (no ring)
Gourm  .                        (no ring)
MR     .....                    (no ring)
                                (no ring)
                                (no ring)
                                (no ring)

@: mighty, brilliant, very slightly contaminated, invisible, not resistant to
hostile enchantments, quite stealthy
A: almost no armour, amphibious, 8 rings, constrict 8, camouflage 1, gelatinous
body 1
a: no special abilities


You were on level 3 of the Dungeon.
You were hungry.

You visited 1 branch of the dungeon, and saw 3 of its levels.

You collected 101 gold pieces.

Inventory:

Hand weapons
 a - a +2 dagger
 b - a +0 blowgun
 z - a +2 dagger of holy wrath (weapon)
Missiles
 e - 25 poisoned needles
 f - 2 curare-tipped needles
 n - 7 needles of paralysis
Comestibles
 g - 4 bread rations
 o - a royal jelly
 x - a chunk of worm flesh
Scrolls
 c - a scroll of fear {unknown}
 l - 3 scrolls of enchant armour {unknown}
 p - a scroll of immolation {unknown}
 s - a scroll of amnesia {unknown}
 t - a scroll of blinking {unknown}
 u - a scroll of noise {unknown}
 v - a scroll of fog {unknown}
 y - a scroll of identify {unknown}
Jewellery
 q - an amulet of faith (around mantle)
Potions
 d - a potion of cancellation {unknown}
 i - a potion of might
 j - a potion of brilliance
 k - a potion of agility {unknown}


   Skills:
 - Level 2.0 Fighting
 * Level 3.5 Short Blades
 - Level 2.0 Throwing
 - Level 1.0 Dodging
 * Level 6.8 Stealth


You had 3 spell levels left.
You didn't know any spells.

Dungeon Overview and Level Annotations

Branches:
Dungeon (3/15)

Altars:
Trog


Innate Abilities, Weirdness & Mutations

You cannot wear most types of armour.
You are amphibious.
You can wear up to eight rings at the same time.
You can use your tentacles to constrict many enemies at once.
Your skin changes colour to match your surroundings (Stealth).
Your rubbery body absorbs attacks (AC +1).


Message History

It softly glows with a divine radiance!
z - a +2 dagger of holy wrath (weapon)
The giant gecko misses you.
You are too injured to fight recklessly!
You are too injured to fight recklessly!
You are too injured to fight recklessly!
You hit the giant gecko.
You kill the giant gecko!
The jackal closely misses you.
You barely miss the jackal. You grab the jackal. You constrict the jackal.
The jackal misses you.
You catch the helpless jackal completely off-guard!
You impale the jackal!!
You kill the jackal!
The iguana closely misses you.
There is an open door here.
Things that are here:
9 gold pieces; a hobgoblin corpse You closely miss the iguana.
Your grab misses the iguana. The iguana bites you!
You die...

#.#.#....#
####(#.####.#
#..h.#...(#.#
#.#######('.# #
#..%.#....#.# .
####.#.####..# .
#.#.# ...# .##
#...# ##.#
#.....##@##......
#......l....# ..>
#......%......###
#..........####
#..........#
#..........#
........!.#
.........#
........#


You could see an iguana.

Vanquished Creatures
  2 adders (D:2)
  3 worms
  A giant gecko (D:3)
  2 giant cockroaches
  8 hobgoblins
  7 jackals
  A ball python (D:2)
  10 bats
  3 giant newts (D:2)
  4 goblins
  5 kobolds
  5 rats
51 creatures vanquished.

Notes
Turn   | Place    | Note
--------------------------------------------------------------
     0 | D:1      | kitkette, the Octopode Assassin, began the quest for the Orb.
     0 | D:1      | Reached XP level 1. HP: 14/14 MP: 1/1
   422 | D:1      | Reached XP level 2. HP: 19/19 MP: 2/2
   988 | D:2      | Reached skill level 6 in Stealth
   988 | D:2      | Reached XP level 3. HP: 2/24 MP: 3/3
  1495 | D:2      | Found a bloodstained altar of Trog.
  1909 | D:2      | Reached XP level 4. HP: 21/29 MP: 4/4
  2414 | D:3      | Slain by an iguana

Action                   |  1- 3 |  4- 6 || total
-------------------------+-------+-------++-------
Melee: Dagger            |    52 |    33 ||    85
 Fire: Blowgun           |     9 |     3 ||    12
  Use: Potion            |       |     6 ||     6
 Stab: Sleeping          |    15 |     4 ||    19
       Distracted        |     1 |       ||     1
       Invisible         |       |     1 ||     1
  Eat: Chunk             |     3 |     1 ||     4
